 Dungeon Crawl Stone Soup version 0.28-a0-1518-gbe868bca14 (webtiles) character file.

Game seed: 5206444116618785793

1645 shadowrider38 the Spear-Bearer (level 8, -1/68 HPs)
             Began as a Merfolk Fighter on Jan 17, 2022.
             Slain by an unseen horror (3 damage)
             ... on level 7 of the Dungeon.
             The game lasted 00:07:27 (7681 turns).

shadowrider38 the Spear-Bearer (Merfolk Fighter)    Turns: 7681, Time: 00:07:27

Health: -1/68      AC: 10    Str: 24    XL:     8   Next: 99%
Magic:  8/8        EV:  7    Int:  8    God:
Gold:   257        SH:  4    Dex: 13    Spells: 7/7 levels left

rFire   . . .      SeeInvis .   a - +2 trident (freeze)
rCold   . . .      Faith    .   c - +0 buckler
rNeg    . . .      Spirit   .   l - +0 chain mail
rPois   .          Reflect  .   s - +0 helmet
rElec   .          Harm     .   (no cloak)
rCorr   .          Rampage  .   h - +0 pair of gloves
Will    +....                   (no boots)
Stlth   ..........              (no amulet)
HPRegen 0.21/turn               e - ring of willpower
MPRegen 0.11/turn               r - +6 ring of strength

@: about to teleport
A: (nimble swimmer 2), mertail
a: no special abilities


You were on level 7 of the Dungeon.
You visited 2 branches of the dungeon, and saw 8 of its levels.
You also visited: Sewer.

You collected 257 gold pieces.

Inventory:

Hand Weapons
 a - a +2 trident of freezing (weapon)
 q - a +0 flail
Missiles
 o - 4 boomerangs (quivered)
 v - 5 poisoned darts
 y - 2 throwing nets
Armour
 c - a +0 buckler (worn)
 h - a +0 pair of gloves (worn)
 l - a +0 chain mail (worn)
 s - a +0 helmet (worn)
Jewellery
 e - a ring of willpower (left hand)
 n - a +6 ring of dexterity
 r - a +6 ring of strength (right hand)
 w - a ring of protection from fire
Scrolls
 g - 5 scrolls of teleportation
 k - a scroll of torment {unknown}
 p - a scroll of fear {unknown}
 t - a scroll of blinking
 u - a scroll of fog
 x - a scroll of amnesia {unknown}
Potions
 b - 4 potions of mutation
 d - 3 potions of might
 f - 3 potions of berserk rage
 i - a potion of flight
 j - 6 potions of curing {unknown}
 z - a potion of lignification
 A - a potion of brilliance {unknown}
 B - a potion of degeneration {unknown}


   Skills:
 + Level 7.7 Fighting
 * Level 13.0 Polearms
 - Level 2.1 Armour
 - Level 3.0 Shields


You had 7 spell levels left.
You didn't know any spells.
Your spell library contained the following spells:

 Spells                   Type           Power      Damage    Failure   Level
 Magic Dart               Conj           0%         1d3       99%         1
 Searing Ray              Conj           0%         2d4       100%        2
 Fulminant Prism          Conj/Hex       0%         3d6       100%        4
 Passage of Golubria      Tloc           0%         N/A       100%        4
 Silence                  Hex/Air        0%         N/A       100%        5
 Lehudib's Crystal Spear  Conj/Erth      0%         10d2      100%        8


Dungeon Overview and Level Annotations

Branches:
Dungeon (7/15)             Temple (1/1) D:5           Sewer (visited)

Altars:
Ashenzari
Cheibriados
Dithmenos
Elyvilon
Gozag
Kikubaaqudgha
Makhleb
Nemelex Xobeh
Qazlal
Ru
Uskayaw
Vehumet
Wu Jian
Yredelemnul
Zin
The Shining One

Annotations:
D:3 2 transporters, bearlyready's ghost, amateur MiAr


Innate Abilities, Weirdness & Mutations

((You are very nimble when in or above water. (Stealth+, EV+, Speed+++)))
Your lower body shifts to a powerful aquatic tail in water.


Message History

There is a strange disturbance nearby!
No target in view!
No target in view!
No target in view!
Deactivating autopickup; reactivate with Ctrl-A.
You hit something but do no damage. Something hits you. Something hits you.
You hit something. You freeze something. Something hits you.
Something hits you.
You closely miss something. Something hits you but does no damage.
Something hits you but does no damage. Something hits you.
You miss something. Something hits you.
You barely miss something. Something hits you but does no damage.
Something hits you but does no damage. Something hits you! Something hits you!
Something hits you! Something hits you. Something hits you.
You feel much better. Something hits you.
Something hits you but does no damage. Something hits you. x2
Something hits you. Something hits you. Something hits you. x2
* * * LOW HITPOINT WARNING * * *
You barely miss something. You block something's attack.
You miss something. You block something's attack. Something hits you.
* * * LOW HITPOINT WARNING * * *
You barely miss something. Something hits you but does no damage.
Something hits you!
* * * LOW HITPOINT WARNING * * *
Okay, then.
As you read the scroll of teleportation, it crumbles to dust.
You feel strangely unstable. Something hits you.
* * * LOW HITPOINT WARNING * * *
Something hits you but does no damage. Something hits you.
You die...

##+###+..'.#####
#..#.....# #..#.....#
## +###.....# ..
#.......# #. #.......#
#. #.......#
.###.#.######....####
.......@..............
####.################.


There were no monsters in sight!

Vanquished Creatures
  3 ogres
  2 black bears
  A centaur (D:4)
  A phantom (D:6)
  2 scorpions (D:6)
  A bullfrog (D:6)
  2 hounds
  2 centaur zombies
  An orc priest (D:4)
  A centaur skeleton (D:5)
  A jelly (D:4)
  3 bullfrog skeletons
  2 iguanas
  A hell rat (Sewer)
  An orc wizard (D:2)
  2 killer bee zombies (D:6)
  2 hound skeletons
  12 adders
  12 gnolls
  4 river rats
  A shadow imp (D:7)
  A white imp (D:6)
  2 ufetubi
  3 worms
  3 dart slugs
  12 orcs
  8 ball pythons
  8 endoplasms
  8 giant cockroaches
  4 goblins
  5 hobgoblins
  2 jackals (D:1)
  5 quokkas
  2 bats (D:1)
  9 frilled lizards
  6 kobolds
  13 rats
148 creatures vanquished.

Vanquished Creatures (others)
  7 plants (D:1)
7 creatures vanquished.

Grand Total: 155 creatures vanquished

Notes
Turn   | Place    | Note
-------+----------+-------------------------------------------
     0 | D:1      | shadowrider38 the Merfolk Fighter began the quest for the
                  | Orb.
     0 | D:1      | Reached XP level 1. HP: 18/18 MP: 1/1
    37 | D:1      | You fall into a shaft and drop 1 floor!
   136 | D:2      | Reached XP level 2. HP: 24/24 MP: 2/2
   170 | D:1      | Reached skill level 4 in Polearms
   353 | D:1      | Reached XP level 3. HP: 20/30 MP: 3/3
   590 | D:1      | Reached skill level 5 in Polearms
  1023 | D:1      | Found a faded altar of an unknown god.
  1249 | D:2      | Reached XP level 4. HP: 36/37 MP: 4/4
  1435 | D:2      | Found a glowing golden altar of the Shining One.
  2246 | D:3      | Reached skill level 6 in Polearms
  2248 | D:3      | Found a snail-covered altar of Cheibriados.
  2301 | D:2      | Reached XP level 5. HP: 21/43 MP: 5/5
  2926 | D:3      | Reached skill level 7 in Polearms
  2930 | D:3      | Found a transporter.
  2934 | D:3      | Noticed bearlyready's ghost (amateur MiAr)
  2936 | D:3      | Noticed a water moccasin
  3059 | D:3      | Reached XP level 6. HP: 50/50 MP: 6/6
  3206 | D:3      | Found a transporter.
  3440 | D:4      | Noticed a black bear
  3452 | D:4      | Killed a black bear
  3453 | D:4      | Reached skill level 5 in Fighting
  3453 | D:4      | Reached skill level 8 in Polearms
  3835 | D:4      | Reached XP level 7. HP: 29/56 MP: 7/7
  4018 | D:4      | Reached skill level 9 in Polearms
  4187 | D:4      | Found a broken altar of Ashenzari.
  4398 | D:4      | Found an ornate altar of the Wu Jian Council.
  4757 | D:5      | Entered Level 5 of the Dungeon
  4868 | D:5      | Reached skill level 10 in Polearms
  5080 | D:5      | Reached XP level 8. HP: 57/65 MP: 8/8
  5168 | D:5      | Found a white marble altar of Elyvilon.
  5363 | D:5      | Found a glowing drain.
  5372 | Sewer    | Entered a sewer
  5523 | D:5      | Reached skill level 11 in Polearms
  5530 | D:5      | Found a staircase to the Ecumenical Temple.
  5546 | Temple   | Entered the Ecumenical Temple
  6742 | D:6      | Reached skill level 12 in Polearms
  7417 | D:6      | Found a sparkling altar of Nemelex Xobeh.
  7418 | D:6      | Found an opulent altar of Gozag.
  7503 | D:6      | Reached skill level 13 in Polearms
  7628 | D:7      | Found a radiant altar of Vehumet.
  7679 | D:7      | HP: 2/68 [something (5)]
  7681 | D:7      | Slain by an unseen horror

Illustrated notes

Levels and vault maps discovered:
D:1:      minmay_arrival_five_plusses, layout_loops_ring,
          shapermc_ecumenical_altar_petra, minmay_lizard_king
D:2:      layout_loops_corners, basic_altar, minmay_misc_feat_more_columns
D:3:      layout_rooms, mainiacjoe_overflow_concentric_impassable,
          gammafunk_ghost_arena
D:4:      layout_loops_ring, grunt_temple_overflow_open
D:5:      layout_layer_cave, elyvilon_altar_4, minmay_temple_entry_large_hall,
          portal_sewer_entry_e
D:6:      layout_basic, grunt_temple_overflow_opulence,
          kennysheep_generic_room_6
D:7:      layout_basic, mainiacjoe_overflow_24_doors, lemuel_doored_altar
Temple:   compressed_dpeg_triangle_lava_temple

Skill      XL: |  1  2  3  4  5  6  7  8 |
---------------+-------------------------+-----
Polearms       | 4 5 6 7 8 10 13 | 13.0
Fighting       | 4 5 6 7 |  7.7
Armour         | |  2.1
Shields        | |  3.0

Action                   |  1- 3 |  4- 6 |  7- 9 || total
-------------------------+-------+-------+-------++-------
Melee: Trident           |   110 |   253 |   199 ||   562
Throw: Boomerang         |       |     3 |       ||     3
  Use: Scroll            |       |       |     9 ||     9
       Potion            |       |       |     1 ||     1
Armor: Scale mail        |    28 |       |       ||    28
       Chain mail        |       |   149 |    84 ||   233
Dodge: Dodged            |    28 |    69 |    43 ||   140
Block: Buckler           |     4 |    47 |    38 ||    89

Table legend: (Time is in decaauts)
 A = Elapsed time spent in this place.
 B = Non-inter-level travel time spent in this place.
 C = Inter-level travel time spent in this place.
 D = Time resting spent in this place.
 E = Time spent auto-exploring this place.
 F = Levels seen in this place.
 G = Mean time per level.
                   A        B        C        D        E       F      G
               +--------+--------+--------+--------+--------+-----+--------+
         Total |   7642 |   7300 |    342 |   1230 |   4930 |   9 |  849.1 |
       Dungeon |   7144 |   6822 |    322 |   1230 |   4489 |   7 | 1020.6 |
        Temple |    396 |    376 |     20 |      0 |    369 |   1 |  396.0 |
         Sewer |    101 |    101 |      0 |      0 |     72 |   1 |  101.0 |
               +--------+--------+--------+--------+--------+-----+--------+

Top non-repeatable levels by time:
     D:2: 1692 daAuts
     D:4: 1415 daAuts
     D:6: 1147 daAuts
     D:5: 1141 daAuts
     D:1: 1109 daAuts
     D:3: 581 daAuts
  Temple: 396 daAuts
   Sewer: 101 daAuts
     D:7: 56 daAuts
